Map: Para Site LE

Players

Odin

  • Race: Protoss Protoss
  • League: Gold
  • Spawn Location: 5:00

keyser - Winner!

  • Race: Terran Terran
  • League: Gold
  • Spawn Location: 11:00

VOD

Have the link to the VOD?

Description

Time

  • Played on: Dec. 11, 2018, 4:54 a.m.
  • Length: 10:10
Show
View Real Time Build Order
Export as new Build Order

Odin Protoss 

Build Orders: Cannon Rush 

Get SALT Encoding   

  1  0:00  Probe  
  13  0:12  Probe  
  14  0:30  Pylon  
  14  0:35  Probe  
  15  0:48  Forge  
  15  0:53  Pylon  
  15  0:55  Pylon  
  15  1:09  Pylon  
  15  1:23  Photon Cannon  
  15  1:43  Photon Cannon  
  15  1:47  Photon Cannon  
  14  2:04  Photon Cannon  
  14  2:07  Photon Cannon  
  14  2:20  Gateway  
  13  2:46  Probe  
  14  2:58  Photon Cannon  
  14  3:00  Pylon  
  14  3:02  Assimilator  
  14  3:07  Assimilator  
  14  3:10  Cybernetics Core, Pylon  
  14  3:13  Probe  
  15  3:25  Probe  
  16  3:36  Warp Gate  
  16  3:41  Probe  
  17  4:02  Robotics Facility  
  17  4:03  Probe  
  18  4:12  Stalker  
  20  4:19  Shield Battery  
  20  4:21  Probe  
  21  4:40  Gateway  
  21  4:51  Warp Prism  
  23  4:54  Stalker  
  25  5:01  Stargate  
  25  5:04  Probe  
  25  5:12  Probe  
  27  5:22  Probe  
  27  5:25  Stalker  
  30  5:42  Immortal  
  34  6:09  Stalker x2  
  38  6:29  Probe  
  39  6:51  Pylon  
  39  6:52  Pylon  
  39  6:56  Protoss Ground Weapons Level 1  
  39  7:09  Oracle, Observer  
  39  7:10  Pylon  
  43  7:30  Probe  
  43  7:34  Stalker  
  43  7:35  Stalker  
  48  7:46  Observer  
  48  7:51  Nexus  
  44  8:21  Pylon  
  44  8:24  Immortal  
  51  8:33  Shield Battery  
  51  8:34  Phoenix, Shield Battery  
  44  8:56  Stalker x2  
  48  9:24  Robotics Bay  
  48  9:27  Phoenix  
  36  9:58  Stalker x2  
Show
View Real Time Build Order
Export as new Build Order

keyser Terran - Winner!

Build Orders:  

Get SALT Encoding   

  12  0:01  SCV  
  13  0:15  Supply Depot  
  13  0:19  SCV  
  14  0:36  SCV  
  14  0:39  Barracks  
  15  0:50  Refinery  
  15  0:52  SCV  
  16  0:57  Supply Depot  
  16  1:04  SCV  
  17  1:28  Marine  
  18  1:40  Bunker  
  18  1:55  Marine  
  18  2:03  Bunker  
  18  2:13  Marine  
  19  2:24  Supply Depot  
  19  2:31  Marine  
  20  2:46  Orbital Command  
  20  2:50  Supply Depot  
  19  3:22  Factory  
  19  3:23  Refinery, SCV  
  20  3:35  SCV  
  21  3:45  Marine  
  21  3:48  SCV  
  23  3:50  Supply Depot  
  23  4:03  Marine  
  23  4:07  Starport  
  23  4:08  Factory Tech Lab  
  24  4:20  Marine  
  25  4:51  Factory Tech Lab  
  25  4:52  Barracks Reactor  
  25  5:04  SCV, Supply Depot  
  26  5:09  Raven  
  28  5:16  SCV  
  29  5:27  Barracks  
  29  5:28  Barracks, SCV  
  30  5:30  Marine  
  30  5:31  Marine  
  30  5:33  Siege Tank  
  35  5:42  Liberator  
  35  5:48  Marine x2  
  40  6:06  Marine x2  
  42  6:24  Marine x2  
  41  6:39  Siege Tank  
  44  6:41  Barracks Reactor  
  44  6:42  Marine x2, Barracks Tech Lab  
  44  6:44  Barracks Tech Lab  
  46  6:59  Marine, Medivac  
  46  7:00  Marine  
  50  7:08  Supply Depot  
  50  7:11  Supply Depot  
  50  7:16  Combat Shield  
  50  7:17  Marine x2  
  52  7:35  Marine x2  
  54  7:47  Stimpack  
  54  7:51  Marine x2  
  56  7:53  Marine x2  
  58  8:03  Engineering Bay  
  58  8:08  Marine  
  58  8:09  Marine  
  58  8:11  Marine x2  
  62  8:23  Medivac  
  62  8:26  Marine x2  
  66  8:28  Marine  
  66  8:29  Marine  
  68  8:44  Marine x2  
  68  8:46  Marine x2  
  71  9:00  Missile Turret  
  71  9:08  Marine x4, Raven  
  77  9:12  Supply Depot  
  74  9:26  Marine x4  
  73  9:43  Marine x4  
Tags
 
League
GoldGold
Matchup
PvT
Spawn Locations
Cross Positions
Add a new tag
Caveats
  • Supply blocks, unpowered buildings, or Contaminate may cause inaccurate times.
  • Supply counts are checked every 10 seconds.